 Dungeon Sprint DCSS version 0.30.1-11-g7821555f0a (webtiles) character file.

Game seed: 18095764246815491277

8700000 Groucho the Ninja (level 27, -33/174 HPs)
             Began as a Spriggan Warper on Dec 9, 2023.
             Was the Champion of Makhleb.
             Annihilated by a bag of meat
             ... wielding a +9 war axe
              (42 damage)
             ... in the Dungeon (Sprint VIII: "Arena of Blood").
             The game lasted 00:07:18 (87 turns).

Groucho the Ninja (Spriggan Warper)                   Turns: 87, Time: 00:07:19

Health: -33/174    AC:  4    Str:  7    XL:     27
Magic:  15/55      EV: 38    Int: 26    God:    Makhleb [******]
Gold:   0          SH:  0    Dex: 17    Spells: 76/80 levels left

rFire   . . .        j - +∞ Axe of Woe
rCold   . . .        (shield currently unavailable)
rNeg    . . .        b - +0 robe
rPois   .            (helmet restricted)
rElec   .            (no cloak)
rCorr   .            (gloves unavailable)
SInv    +            (boots unavailable)
Will    ++++.        (no amulet)
Stlth   ++++++++++   (no ring)
HPRegen 0.49/turn    (no ring)
MPRegen 0.34/turn

%: no teleportation
@: slowed, quick
A: very small, no large weapons, unfitting armour, see invisible, speed 3
a: Renounce Religion, Minor Destruction, Lesser Servant of Makhleb, Major
Destruction, Greater Servant of Makhleb


You were in the Dungeon.
You worshipped Makhleb.
Makhleb was exalted by your worship.
You visited 1 branch

Inventory:

Hand Weapons
 a - a +0 hand axe
 j - the +∞ Axe of Woe (weapon)
   (You found it in the Dungeon)
Missiles
 d - 7 boomerangs of dispersal
Armour
 b - a +0 robe (worn)
Jewellery
 k - a +30 ring of slaying
Scrolls
 c - 2 scrolls of blinking
Potions
 e - a potion of curing
 f - a potion of heal wounds
 g - a potion of haste
 h - 2 potions of magic
 i - a potion of berserk rage


   Skills:
 O Level 27 Fighting
 + Level 24.8(27) Short Blades
 + Level 19.7(22.9) Long Blades
 O Level 27 Axes
 + Level 18.1(25.9) Maces & Flails
 + Level 18.2(25.9) Polearms
 + Level 18.3(23.7) Staves
 + Level 22.9 Ranged Weapons
 + Level 23.2 Throwing
 O Level 27 Armour
 O Level 27 Dodging
 O Level 27 Stealth
 + Level 18.3 Shields
 O Level 27 Unarmed Combat
 O Level 27 Spellcasting
 + Level 18.2 Conjurations
 + Level 26.6 Hexes
 + Level 19.8 Summonings
 + Level 21.4 Necromancy
 O Level 27 Translocations
 O Level 27 Transmutations
 + Level 19.8 Fire Magic
 + Level 19.7 Ice Magic
 + Level 21.3 Air Magic
 + Level 21.3 Earth Magic
 + Level 22.9 Poison Magic
 O Level 27 Invocations
 O Level 27 Evocations


You had 76 spell levels left.
You knew the following spells:

 Your Spells              Type           Power      Damage    Failure   Level
a - Manifold Assault      Tloc           100%       N/A       0%          4

Your spell library contained the following spells:

 Spells                   Type           Power      Damage    Failure   Level
 Blink                    Tloc           100%       N/A       0%          2
 Lesser Beckoning         Tloc           100%       N/A       0%          2
 Teleport Other           Tloc           100%       N/A       0%          3
 Vhi's Electric Charge    Tloc/Air       100%       N/A       0%          3


Dungeon Overview and Level Annotations

Branches:
Dungeon (1/1)

Altars:
Makhleb


Innate Abilities, Weirdness & Mutations

You are very small and have problems with some larger weapons.
You are too small for most types of armour.
You have supernaturally acute eyesight. (SInv)
You cover ground extremely quickly. (Speed+++)


Message History

* * * LOW HITPOINT WARNING * * *
The dread calls on the powers of darkness!
The bag of meat convulses! x2; The eight-headed meat hydra convulses!
Your body is wracked with pain!
* * * LOW HITPOINT WARNING * * *
The meat berserker convulses! x2
You hear a shout!
A bag of meat comes into view. It is wielding a +9 war axe.
Unknown command.
You hit the meat berserker but do no damage.
You cleave the meat berserker in twain.
You kill the meat berserker!
Makhleb accepts your kill.
You feel better.
You hear a shout! x4
The meat berserker rages.
You hear a shout!
A bag of meat comes into view. It is wielding a +9 war axe. x2
You hear a shout!
The destroyer points at you and mumbles some strange words.
The destroyer blinks!
You hear a shout!
The eight-headed meat hydra calls on the powers of darkness!
The eight-headed meat hydra convulses!
The bag of meat convulses! x3
Your body is wracked with pain!
* * * LOW HITPOINT WARNING * * *
The bag of meat convulses!
The meat berserker convulses!
The bag of meat convulses!
The accursed gestures at you while chanting.
Something smites you!
* * * LOW HITPOINT WARNING * * *
You hear a shout! x2
The dread calls on the powers of darkness!
The bag of meat convulses! x2; The eight-headed meat hydra convulses!
The bag of meat convulses!
Your body is wracked with pain!
* * * LOW HITPOINT WARNING * * *
The meat berserker convulses! x2; The bag of meat convulses!
A meat beast comes into view.
The bag of meat hits you with a +9 war axe!!!
You die... .... ...o.....Xo .....
XX.

#.o.. .L# .. #.o.
.X# . ...###..§
..###..
........###oV.....
#......☼.○))Oooo.o
....#.))@O#...V. .
#☼○○o_# ...
....#.WoDM#o....
...§..)_ooV.V..
.....W###......
.V###... ..###V. .
#... z.# o #...
2.# ..... ..§


You could see an accursed, a meat beast (wandering, fast), a tyrant, an
eight-headed meat hydra, 2 destroyers, a sculptor of flesh, 4 large
abominations, a dread, 2 meat berserkers, a wretched soul (invisible) and 10
bags of meat.

Vanquished Creatures
  2 hell beasts (D)
  A royal mummy (D)
  2 wraiths (D)
  9 vampire knights (D)
  37 ogres (D)
  4 two-headed ogres (D)
  A lich (D)
  26 orcs (D)
  4 skeletal warriors (D)
86 creatures vanquished.

Notes
Turn   | Place    | Note
-------+----------+-------------------------------------------
     0 | D        | Found the +∞ Axe of Woe
     0 | D        | Groucho the Spriggan Warper began the quest for the Orb.
     0 | D        | Reached XP level 1. HP: 10/10 MP: 5/5
     4 | D        | Became a worshipper of Makhleb the Destroyer
     5 | D        | Noticed a meat berserker
     6 | D        | Noticed a bag of meat
     6 | D        | Noticed a meat berserker
     6 | D        | Noticed a meat berserker
     7 | D        | Killed a meat berserker
     7 | D        | Noticed a bag of meat
     8 | D        | Reached XP level 2. HP: 14/14 MP: 5/18
     8 | D        | Reached XP level 3. HP: 18/18 MP: 5/20
     8 | D        | Reached XP level 4. HP: 22/22 MP: 5/21
     8 | D        | Reached XP level 5. HP: 25/25 MP: 5/23
     8 | D        | Reached XP level 6. HP: 30/30 MP: 5/24
     8 | D        | Reached XP level 7. HP: 33/33 MP: 5/26
     8 | D        | Reached XP level 8. HP: 37/37 MP: 5/27
     8 | D        | Reached XP level 9. HP: 41/41 MP: 5/28
     8 | D        | Reached XP level 10. HP: 46/46 MP: 5/29
     8 | D        | Reached XP level 11. HP: 49/49 MP: 5/30
     8 | D        | Noticed a meat berserker
    10 | D        | Killed a meat berserker
    10 | D        | Reached * piety under Makhleb
    11 | D        | Reached XP level 12. HP: 53/53 MP: 5/34
    11 | D        | Reached XP level 13. HP: 57/57 MP: 5/35
    11 | D        | Noticed a meat berserker
    11 | D        | Noticed a bag of meat
    13 | D        | Noticed a meat berserker
    13 | D        | Killed a bag of meat
    13 | D        | Killed a meat berserker
    14 | D        | Reached XP level 14. HP: 61/61 MP: 5/38
    14 | D        | Killed a meat berserker
    14 | D        | Reached ** piety under Makhleb
    14 | D        | Killed a meat berserker
    15 | D        | Reached skill level 27 in Stealth
    15 | D        | Reached XP level 15. HP: 65/65 MP: 6/41
    17 | D        | Killed a meat berserker
    17 | D        | Reached *** piety under Makhleb
    18 | D        | Reached skill level 27 in Translocations
    21 | D        | Noticed a meat berserker
    22 | D        | Noticed a meat berserker
    23 | D        | Learned a level 4 spell: Manifold Assault
    24 | D        | Reached XP level 16. HP: 69/69 MP: 8/45
    24 | D        | Killed a meat berserker
    24 | D        | Reached **** piety under Makhleb
    25 | D        | Reached skill level 27 in Dodging
    25 | D        | Killed a meat berserker
    26 | D        | Reached skill level 10 in Fighting
    26 | D        | Reached skill level 27 in Axes
    26 | D        | Reached skill level 27 in Spellcasting
    26 | D        | Noticed a destroyer
    28 | D        | Noticed a meat berserker
    28 | D        | Noticed a meat berserker
    31 | D        | Noticed a large bag of meat
    31 | D        | Noticed a destroyer
    32 | D        | Noticed a destroyer
    32 | D        | Noticed a meat berserker
    34 | D        | Noticed a meat berserker
    35 | D        | Killed a meat berserker
    36 | D        | Noticed a sculptor of flesh
    36 | D        | Noticed a destroyer
    37 | D        | Killed a meat berserker
    37 | D        | Reached ***** piety under Makhleb
    37 | D        | Noticed a destroyer
    38 | D        | Reached XP level 17. HP: 112/112 MP: 3/49
    38 | D        | Killed a destroyer
    40 | D        | Killed a meat berserker
    40 | D        | Killed a meat berserker
    40 | D        | Noticed a meat berserker
    41 | D        | Reached skill level 27 in Fighting
    41 | D        | Reached XP level 18. HP: 127/127 MP: 4/50
    42 | D        | Noticed a destroyer
    44 | D        | Killed a large bag of meat
    44 | D        | Reached ****** piety under Makhleb
    44 | D        | Noticed a destroyer
    44 | D        | Noticed a meat berserker
    45 | D        | Noticed a sculptor of flesh
    46 | D        | Killed a meat berserker
    46 | D        | Noticed a meat berserker
    47 | D        | Reached skill level 27 in Invocations
    48 | D        | Noticed a meat berserker
    48 | D        | Noticed a sculptor of flesh
    48 | D        | Noticed a large bag of meat
    50 | D        | Killed a destroyer
    51 | D        | Reached XP level 19. HP: 79/132 MP: 6/51
    51 | D        | Killed a destroyer
    51 | D        | Killed a meat berserker
    51 | D        | Killed a destroyer
    51 | D        | Noticed a large bag of meat
    52 | D        | Killed a meat berserker
    53 | D        | Reached skill level 27 in Armour
    53 | D        | Reached XP level 20. HP: 137/137 MP: 6/52
    54 | D        | Noticed a meat berserker
    54 | D        | Noticed a meat berserker
    55 | D        | Killed a meat berserker
    55 | D        | Killed a destroyer
    57 | D        | Noticed a tyrant
    57 | D        | Noticed a meat berserker
    58 | D        | Killed a large bag of meat
    59 | D        | Reached skill level 27 in Unarmed Combat
    59 | D        | Reached XP level 21. HP: 101/142 MP: 8/53
    61 | D        | Killed a large bag of meat
    61 | D        | Noticed an accursed
    62 | D        | Reached skill level 27 in Evocations
    62 | D        | Reached skill level 5 in Short Blades
    62 | D        | Reached skill level 5 in Ranged Weapons
    62 | D        | Reached skill level 5 in Throwing
    62 | D        | Reached skill level 5 in Poison Magic
    63 | D        | Reached skill level 5 in Long Blades
    63 | D        | Reached skill level 5 in Maces & Flails
    63 | D        | Reached skill level 5 in Polearms
    63 | D        | Reached skill level 5 in Staves
    63 | D        | Reached skill level 5 in Shields
    63 | D        | Reached skill level 5 in Conjurations
    63 | D        | Reached skill level 5 in Summonings
    63 | D        | Reached skill level 5 in Fire Magic
    63 | D        | Reached skill level 5 in Ice Magic
    63 | D        | Noticed an accursed
    64 | D        | Killed a destroyer
    65 | D        | Reached skill level 10 in Hexes
    65 | D        | Reached skill level 10 in Transmutations
    65 | D        | Reached XP level 22. HP: 119/148 MP: 9/54
    66 | D        | Reached skill level 10 in Short Blades
    66 | D        | Reached skill level 10 in Throwing
    67 | D        | Reached skill level 10 in Ranged Weapons
    67 | D        | Reached skill level 10 in Poison Magic
    67 | D        | Noticed a dread
    68 | D        | Reached skill level 10 in Necromancy
    68 | D        | Reached skill level 10 in Air Magic
    68 | D        | Reached skill level 10 in Earth Magic
    68 | D        | Noticed a large bag of meat
    69 | D        | Reached skill level 10 in Long Blades
    69 | D        | Reached skill level 10 in Summonings
    69 | D        | Reached skill level 15 in Transmutations
    69 | D        | Reached skill level 10 in Fire Magic
    69 | D        | Reached skill level 10 in Ice Magic
    69 | D        | Killed a dread
    70 | D        | Reached skill level 10 in Maces & Flails
    70 | D        | Reached skill level 10 in Polearms
    70 | D        | Reached skill level 10 in Staves
    70 | D        | Reached skill level 10 in Shields
    70 | D        | Reached skill level 10 in Conjurations
    70 | D        | Reached skill level 15 in Hexes
    70 | D        | Reached XP level 23. HP: 131/153 MP: 10/55
    71 | D        | Reached skill level 15 in Short Blades
    71 | D        | Noticed a meat beast
    72 | D        | Killed a tyrant
    73 | D        | Noticed a meat beast
    74 | D        | Reached skill level 15 in Ranged Weapons
    74 | D        | Reached skill level 15 in Throwing
    74 | D        | Reached skill level 15 in Poison Magic
    74 | D        | Noticed a dread
    75 | D        | Reached XP level 24. HP: 141/158 MP: 11/55
    76 | D        | Reached skill level 15 in Necromancy
    76 | D        | Reached skill level 15 in Air Magic
    76 | D        | Reached skill level 15 in Earth Magic
    76 | D        | Killed a meat beast
    76 | D        | Noticed a destroyer
    77 | D        | Reached skill level 15 in Long Blades
    77 | D        | Reached skill level 15 in Summonings
    77 | D        | Reached skill level 15 in Fire Magic
    77 | D        | Reached skill level 15 in Ice Magic
    77 | D        | Killed a large bag of meat
    78 | D        | Reached XP level 25. HP: 123/163 MP: 12/55
    79 | D        | Noticed a destroyer
    80 | D        | Reached skill level 15 in Maces & Flails
    80 | D        | Reached skill level 15 in Polearms
    80 | D        | Reached skill level 15 in Staves
    80 | D        | Reached skill level 15 in Shields
    80 | D        | Reached skill level 15 in Conjurations
    80 | D        | Noticed a meat beast
    81 | D        | Noticed a destroyer
    81 | D        | Noticed a destroyer
    82 | D        | Killed a destroyer
    82 | D        | Killed an accursed
    82 | D        | Noticed a destroyer
    83 | D        | Reached XP level 26. HP: 129/169 MP: 13/55
    83 | D        | Killed a meat beast
    84 | D        | Reached skill level 27 in Transmutations
    84 | D        | Killed a destroyer
    84 | D        | Killed a destroyer
    84 | D        | Noticed a tyrant
    84 | D        | Noticed a dread
    85 | D        | Killed a dread
    86 | D        | Reached XP level 27. HP: 44/174 MP: 14/55
    86 | D        | Noticed a destroyer
    87 | D        | Noticed a meat beast
    87 | D        | Annihilated by a bag of meat

Illustrated notes

Levels and vault maps discovered:
D:        meatsprint

Skill      XL: |  1  2  3  4  5  6  7  8  9 10 11 12 13 14 15 16 17 18 19 20 21 22 23 24 25 26 |
---------------+-------------------------------------------------------------------------------+-----
Axes           | 14 17 19 21 24 27 | 27.0
Dodging        | 16 18 20 23 26 27 | 27.0
Stealth        | 18 21 24 27 | 27.0
Spellcasting   | 14 17 19 21 24 27 | 27.0
Translocations | 17 20 22 25 27 | 27.0
Fighting       | 21 27 | 27.0
Invocations    | 19 27 | 27.0
Armour         | 16 27 | 27.0
Unarmed Combat | 8 27 | 27.0
Evocations     | 18 27 | 27.0
Short Blades   | 9 14 17 19 22 24 | 24.8
Long Blades    | 7 11 13 15 17 19 | 19.7
Maces & Flails | 6 10 12 14 16 18 | 18.1
Polearms       | 6 10 12 14 16 18 | 18.2
Staves         | 6 10 12 14 16 18 | 18.3
Ranged Weapons | 8 13 15 18 20 22 | 22.9
Throwing       | 8 13 15 18 20 23 | 23.2
Shields        | 6 10 12 14 16 18 | 18.3
Conjurations   | 6 10 12 14 16 18 | 18.2
Hexes          | 10 15 18 21 23 26 | 26.6
Summonings     | 7 11 13 15 17 19 | 19.8
Necromancy     | 7 12 14 16 19 21 | 21.4
Transmutations | 10 17 19 23 25 27 | 27.0
Fire Magic     | 6 11 13 15 17 19 | 19.8
Ice Magic      | 7 11 13 15 17 19 | 19.7
Air Magic      | 7 12 14 16 19 21 | 21.3
Earth Magic    | 7 12 14 16 19 21 | 21.3
Poison Magic   | 8 13 15 18 20 22 | 22.9

Action                     |  1- 3 |  4- 6 |  7- 9 | 10-12 | 13-15 | 16-18 | 19-21 | 22-24 | 25-27 || total
---------------------------+-------+-------+-------+-------+-------+-------+-------+-------+-------++-------
  Melee: Broad axe         |     1 |       |       |     1 |     4 |    10 |    11 |    12 |     9 ||    48
   Cast: Manifold Assault  |       |       |       |       |       |     2 |       |       |       ||     2
